 Dungeon Crawl Stone Soup version 0.18.1-6-gd335043 (webtiles) character file.

78 stauk the Magician (level 4, -1/22 HPs)
             Began as a Vine Stalker Wizard on May 16, 2016.
             Slain by a goblin
             ... wielding a +0 club
             ... led by Robin
              (4 damage)
             ... on level 1 of the Dungeon.
             The game lasted 00:38:47 (2440 turns).

stauk the Magician (Vine Stalker Wizard)            Turns: 2440, Time: 00:38:48

Health: -1/22      AC:  6    Str: 10    XL:     4   Next: 36%
Magic:  0/10       EV: 10    Int: 19    God:
Gold:   15         SH:  0    Dex: 12    Spells: 1 memorised, 9 levels left

rFire  . . .     SeeInvis .     p - +0 dagger
rCold  . . .     Gourm    .     f - +0 ring mail
rNeg   . . .     Faith    .     (no shield)
rPois  .         Spirit   +     b - +0 hat
rElec  .         Dismiss  .     e - +0 cloak
rCorr  .         Reflect  .     (no gloves)
SustAt .         Harm     .     (no boots)
MR     .....                    (no amulet)
Stlth  +.........               (no ring)
                                (no ring)

@: not resistant to hostile enchantments, very unstealthy
A: fangs 2, regeneration 1, magic shield, antimagic bite, no device heal 3, rot
immunity
a: no special abilities


You were on level 1 of the Dungeon.
You were not hungry.

You visited 1 branch of the dungeon, and saw 2 of its levels.

You collected 15 gold pieces.

Inventory:

Hand Weapons
 j - a +0 club
 k - a cursed -2 club
 l - a +0 club
 o - a +0 club
 p - a +0 dagger (weapon)
 q - a +0 short sword
 s - a +0 club
 t - a +0 short sword
 C - a +0 club
 D - a +0 dagger
Missiles
 g - 22 arrows
 h - 53 stones (quivered)
 i - 9 poisoned needles
 n - 48 bolts
Armour
 a - a +0 robe
 b - a +0 hat (worn)
 e - a +0 cloak (worn)
 f - a +0 ring mail (worn)
 r - a +0 robe
 x - a +0 robe
 B - a +0 leather armour
Scrolls
 m - a scroll of fear {unknown}
 y - a scroll of identify {unknown}
Potions
 u - a potion of haste {unknown}
 v - a potion of might {unknown}
 A - a potion of curing {unknown}
Books
 c - a book of Minor Magic

   Spells                             Type                      Level
   a - Magic Dart                     Conjuration                  1
   b - Blink                          Translocation                2
   c - Call Imp                       Summoning                    2
   d - Repel Missiles                 Charms/Air                   2
   e - Slow                           Hexes                        2
   f - Conjure Flame                  Conjuration/Fire             3
   g - Mephitic Cloud                 Conjuration/Poison/Air       3
Comestibles
 d - 2 bread rations
 w - 3 fruits
 z - 12 chunks of flesh


   Skills:
 + Level 1.0 Fighting
 + Level 0.5 Short Blades
 + Level 0.1 Maces & Flails
 + Level 1.1 Armour
 + Level 2.4 Dodging
 + Level 2.7 Stealth
 + Level 3.7 Spellcasting
 + Level 1.0 Conjurations
   Level 1.0 Summonings
   Level 1.0 Translocations


You had 9 spell levels left.
You knew the following spells:

 Your Spells              Type           Power        Failure   Level  Hunger
a - Magic Dart            Conj           #...         28%         1    None


Dungeon Overview and Level Annotations

Branches:
Dungeon (2/15)

Altars:

Annotations:
D:2 Robin


Innate Abilities, Weirdness & Mutations

You have extremely sharp teeth.
Your natural rate of healing is unusually fast.
When hurt, damage is shared between your health and your magic reserves.
Your bite disrupts and absorbs the magic of your enemies.
Potions and wands cannot restore your health.
You are immune to rotting.


Message History

Robin roars a battlecry!
The goblins go into a battle-frenzy!
The goblin hits you but does no damage.
There is a stone staircase leading up, spattered with blood here.
You can't go down here!
Robin throws the goblin at you! The goblin barely misses you.
The goblin closely misses you. x2; The goblin hits you.
* * * LOW HITPOINT WARNING * * *
You climb upwards.
There is a stone staircase leading down, spattered with blood here.
You can't go up here!
You hit the goblin. Your bite misses the goblin.
The goblin is moderately wounded.
The goblin hits you but does no damage. The goblin barely misses you. x2
The goblin hits you with a club.
* * * LOW HITPOINT WARNING * * *
You miss the goblin. Your bite misses the goblin.
The goblin is moderately wounded.
The goblin barely misses you. x2; The goblin hits you with a club.
You die...

##.# ##... ##########
#####.... .........# #........
.#######.# #.#.#.... .#
#.############ #.#...... .#
#.#..........#####.##.##.# .#
#####.#.##.##gg..............#
.#
#.....#.##.##@g......##.######
.#
#.###...##.##g##.#.#...#......
.# #.#
#.#.##.##.##.#.####.######
.###.###.#.##.##.##.#.# #.#
.##...##.#............# #.# #
.#.....#.#.#...#..##### #.# #
.........#.#...#..########.# #
##.....###..............##.# #
##...## #........#####.##.# #


You could see 4 goblins.

Vanquished Creatures
  An adder (D:1)
  2 worms (D:2)
  2 dart slugs (D:2)
  3 giant geckos
  A ball python (D:2)
  8 bats
  2 giant cockroaches
  7 goblins
  9 hobgoblins (D:1)
  2 jackals
  5 kobolds
  2 giant newts (D:1)
  6 rats
50 creatures vanquished.

Notes
Turn   | Place    | Note
--------------------------------------------------------------
     0 | D:1      | stauk the Vine Stalker Wizard began the quest for the Orb.
     0 | D:1      | Reached XP level 1. HP: 9/9 MP: 5/5
   232 | D:1      | Reached XP level 2. HP: 12/13 MP: 4/7
   980 | D:1      | Reached XP level 3. HP: 17/17 MP: 9/9
  2043 | D:2      | Reached XP level 4. HP: 17/21 MP: 10/10
  2073 | D:2      | Reached skill level 1 in Fighting
  2143 | D:2      | Reached skill level 1 in Armour
  2407 | D:2      | Noticed Robin
  2440 | D:1      | Slain by a goblin

Skill      XL: |  1  2  3  4 |
---------------+-------------+-----
Dodging        | 2 |  2.4
Fighting       | 1 |  1.0
Armour         | 1 |  1.1
Short Blades   | |  0.5
Maces & Flails | |  0.1
Stealth        | |  2.7
Spellcasting   | |  3.7
Conjurations   | |  1.0
Summonings     | |  1.0
Translocations | |  1.0

Action                   |  1- 3 |  4- 6 || total
-------------------------+-------+-------++-------
Melee: Unarmed           |    41 |       ||    41
       Bite              |    43 |    13 ||    56
       Club              |    61 |       ||    61
       Dagger            |   102 |    86 ||   188
 Cast: Magic Dart        |     9 |       ||     9
  Eat: Chunk             |     3 |     2 ||     5
Armor: Robe              |    41 |       ||    41
       Ring mail         |    57 |   127 ||   184
Dodge: Dodged            |   140 |   141 ||   281
